cohdb
Replays
Latest Replays
All Replays
Popular Replays
Top Player Replays
Match Explorer
How It Works
Community
CoH3 Stats
Reddit
Sign in to upload your games and track your stats! →
Sign in with Steam
Match 45468503
Unlisted
Match 45468503
Overview
Messages
Build Orders
End
Kradschützen Motorcycle Team
Panzerpioneer Squad
250 Light Carrier
Panzerpioneer Squad
Construct Light Support Kompanie
Panzerpioneer Squad
Combat Half-tracks
Construct Mechanized Kompanie
Panzerpioneer Squad
Construct Mechanized Kompanie
8 Rad Armored Car
Selects Armored Support Battlegroup
Selects Superior Fire Drills
jooooooohn
Polka_Pete
0
0
Comments
sign in to comment!
No comments posted yet!